Map: Whispers of Gold

Players

사마

  • Race: Protoss Protoss
  • League: Platinum
  • Spawn Location: 5:00

llllllllllll - Winner!

  • Race: Terran Terran
  • League: Platinum
  • Spawn Location: 9:00

VOD

Have the link to the VOD?

Description

Time

  • Played on: April 25, 2025, 5:48 a.m.
  • Length: 3:26
Show
View Real Time Build Order
Export as new Build Order

사마 Protoss 

Build Orders:  

Get SALT Encoding   

  12  0:00  Probe  
  13  0:12  Probe  
  14  0:20  Pylon  
  14  0:24  Probe  
  15  0:34  Probe  
  15  0:42  Probe  
  16  0:45  Gateway  
  17  0:52  Assimilator, Probe  
  18  1:04  Assimilator  
  18  1:05  Probe  
  19  1:18  Probe  
  20  1:28  Pylon  
  20  1:30  Probe  
  20  1:32  Cybernetics Core  
  21  1:42  Probe  
  22  1:54  Probe  
  22  1:55  Gateway  
  23  2:06  Probe  
  23  2:07  Assimilator, Stalker  
  24  2:22  Probe  
  25  2:38  Stalker  
  25  2:48  Stalker  
  24  3:07  Pylon  
Show
View Real Time Build Order
Export as new Build Order

llllllllllll Terran - Winner!

Build Orders:  

Get SALT Encoding   

  12  0:00  SCV  
  13  0:12  SCV  
  14  0:19  Supply Depot  
  14  0:24  SCV  
  15  0:30  Refinery  
  15  0:47  Barracks  
  15  1:01  Barracks  
  15  1:19  Barracks  
  15  1:34  Reaper  
  16  1:48  Reaper  
  17  1:54  Refinery  
  17  1:55  Orbital Command  
  17  2:06  Reaper  
  17  2:08  Reaper  
  19  2:23  SCV  
  19  2:26  Reaper  
  21  2:35  SCV  
  22  2:39  Reaper  
  23  2:46  Reaper  
  23  2:48  SCV  
  25  3:02  SCV  
Tags
 
Add a new tag
Caveats
  • Supply blocks, unpowered buildings, or Contaminate may cause inaccurate times.
  • Supply counts are checked every 10 seconds.